 Dungeon Crawl Stone Soup version 0.30-a0-728-gc68057be0a (webtiles) character file.

Game seed: 4616759940681925914

2527 Dittersdorf the Protected (level 9, -1/58 HPs)
             Began as a Gargoyle Fighter on Jan 31, 2023.
             Slain by a yak (8 damage)
             ... on level 5 of the Dungeon.
             The game lasted 00:09:34 (3886 turns).

Dittersdorf the Protected (Gargoyle Fighter)        Turns: 3886, Time: 00:09:35

Health: -1/58      AC: 22    Str: 24    XL:     9   Next: 54%
Magic:  9/9        EV:  9    Int:  9    God:
Gold:   359        SH:  5    Dex:  9    Spells: 8/8 levels left

rFire   + . .      SeeInvis .    e - +0 morningstar
rCold   + . .      Faith    .    c - +0 buckler
rNeg    + . .      Spirit   .    t - +3 scale mail {rC+}
rPois   ∞          Reflect  .    p - +0 helmet
rElec   +          Harm     .    (no cloak)
rCorr   .          Rampage  .    h - +2 pair of gloves
Will    .....                    (no boots) Stlth
                                 (no amulet)
HPRegen 0.29/turn                b - ring of protection from fire
MPRegen 0.11/turn                (no ring)

@: mighty, studying Armour
A: sickness immunity, AC +6, negative energy resistance 1, electricity
resistance, torment resistance 1, petrification resistance
a: no special abilities


You were on level 5 of the Dungeon.
You visited 1 branch of the dungeon, and saw 5 of its levels.
You also visited: Ossuary.

You collected 359 gold pieces.

Inventory:

Hand Weapons
 e - a +0 morningstar (weapon)
Missiles
 f - 4 poisoned darts (quivered)
 k - a throwing net
Armour
 c - a +0 buckler (worn)
 h - a +2 pair of gloves (worn)
 p - a +0 helmet (worn)
 t - a +3 scale mail of cold resistance (worn)
Jewellery
 b - a ring of protection from fire (left hand)
Wands
 j - a wand of flame (29)
Scrolls
 a - a scroll of summoning
 g - 3 scrolls of teleportation
Potions
 d - a potion of might
 i - 3 potions of haste
 m - a potion of cancellation
 n - a potion of mutation
 o - a potion of flight
 q - 2 potions of resistance {unknown}
 s - a potion of ambrosia {unknown}
 u - a potion of attraction {unknown}
 v - a potion of curing {unknown}
 w - 2 potions of brilliance {unknown}
 x - a potion of lignification {unknown}
 z - a potion of heal wounds


   Skills:
 + Level 7.6 Fighting
 + Level 6.6 Maces & Flails
 + Level 8.9 Armour
 + Level 7.6 Shields


You had 8 spell levels left.
You didn't know any spells.
Your spell library was empty.

Dungeon Overview and Level Annotations

Branches:
Dungeon (5/15)            Ossuary (visited)
 Temple: D:4-7

Altars:

Shops:
D:1 (


Innate Abilities, Weirdness & Mutations

You are immune to sickness and miasma.
Your stone body is resilient. (AC +6)
You are immune to poison.
You resist negative energy. (rN+)
You are resistant to electric shocks. (rElec)
You are resistant to unholy torment.
You are immune to petrification.


Message History

Throw: 5 darts (poison)
Press: ? - help, Q - select action, (/) - cycle Shift-Dir - straight line, f - yak
Aim: a yak (heavily wounded, 69% to hit)
You throw a poisoned dart. The poisoned dart hits the yak.
The yak is heavily wounded.
You hear a splash.
You block the yak's attack.
You sock the yak!
The yak is severely wounded.
The yak gores you.
You puncture the yak!
You kill the yak!
The yak gores you.
* * * LOW HITPOINT WARNING * * *
You puncture the yak!
The yak is moderately wounded.
The yak closely misses you.
You barely miss the yak.
The yak is moderately wounded.
You block the yak's attack.
You puncture the yak!
The yak is severely wounded.
The yak gores you but does no damage.
You sock the yak!
The yak is almost dead.
The yak gores you.
* * * LOW HITPOINT WARNING * * *
The yak barely misses you.
You barely miss the yak.
The yak is almost dead.
You block the yak's attack.
You hit the yak but do no damage.
The yak is almost dead.
The yak gores you!
* * * LOW HITPOINT WARNING * * *
You puncture the yak!
You kill the yak!
You feel very mighty all of a sudden. The yak gores you!
You die...

#.######.##...~~.~~.~~P.
#<###...~~.~~~~~♣ #.#
#♣~~~~≈≈~.~~. #.#
#♣~~~~≈~~~.~P ~~~ #.#
#..P.~.~.~~.. ~P~Y ♣♣♣♣♣
#.# #.P~~.~.~.♣.
Y~~~P♣~~~♣♣##.#
#....♣).P..#
≈≈≈≈~~~Y~~~♣#.#
#.#.########
≈≈≈≈~~YP~~~♣♣@# #...#
≈≈≈≈≈≈~♣~~~~Y♣# ##..#
≈≈≈≈≈≈~~~~~~Y♣ #...#
≈≈≈≈≈≈~~~♣~~♣♣ #.#.#
≈≈≈≈~~~~P~~♣♣.###.#.#
≈≈~≈~~P~~~♣♣........#
≈~~P~P~~~♣♣♣#.##..######.
~~~♣♣P~♣~..............
~~♣ P~♣..##.##.########


You could see 2 yaks.

Vanquished Creatures
  Grinder (D:5)
  Sigmund (D:2)
  4 yaks (D:5)
  A shadow (D:5)
  A water moccasin (D:5)
  An ice beast (D:5)
  2 ogres
  A phantom (D:5)
  An elf zombie (D:4)
  5 water moccasin zombies (Ossuary)
  3 wights (D:4)
  A human zombie (D:4)
  An orc priest (D:4)
  3 human skeletons (D:4)
  Terence (D:2)
  2 iguanas
  2 orc wizards
  2 mummies (Ossuary)
  Robin (D:2)
  3 adders
  An ufetubus (D:4)
  8 adder zombies (Ossuary)
  2 worms (D:2)
  2 dart slugs
  11 orcs
  11 endoplasms
  5 giant cockroaches
  4 gnoll zombies (Ossuary)
  13 goblins
  12 hobgoblins
  8 jackals
  6 quokkas
  9 ball pythons
  12 bats
  3 frilled lizards
  7 hobgoblin zombies (Ossuary)
  7 kobolds
  3 kobold zombies (Ossuary)
  An orc skeleton (D:4)
  4 orc zombies (Ossuary)
  6 rats
172 creatures vanquished.

Vanquished Creatures (others)
  9 plants (D:5)
9 creatures vanquished.

Grand Total: 181 creatures vanquished

Notes
Turn   | Place    | Note
-------+----------+-------------------------------------------
     0 | D:1      | Dittersdorf the Gargoyle Fighter began the quest for the
                  | Orb.
     0 | D:1      | Reached XP level 1. HP: 14/14 MP: 1/1
    74 | D:1      | Reached XP level 2. HP: 19/19 MP: 2/2
   269 | D:1      | Reached XP level 3. HP: 24/24 MP: 3/3
   419 | D:1      | Found Bukunonu's Antique Weapon Shop.
   691 | D:2      | Reached XP level 4. HP: 29/29 MP: 4/4
   807 | D:2      | Noticed Robin
   817 | D:2      | Killed Robin
   821 | D:2      | Reached skill level 4 in Armour
  1085 | D:2      | Noticed Sigmund
  1094 | D:2      | Killed Sigmund
  1095 | D:2      | Reached XP level 5. HP: 34/34 MP: 5/5
  1095 | D:2      | Reached XP level 6. HP: 39/39 MP: 6/6
  1180 | D:2      | Noticed Terence
  1193 | D:2      | Killed Terence
  1508 | D:3      | Reached skill level 5 in Fighting
  1508 | D:3      | Reached skill level 5 in Armour
  1528 | D:3      | Reached XP level 7. HP: 16/44 MP: 7/7
  1962 | D:4      | Reached skill level 5 in Shields
  2492 | D:4      | Found a sand-covered staircase.
  2506 | Ossuary  | Entered an ossuary
  2560 | Ossuary  | Reached XP level 8. HP: 49/51 MP: 8/8
  2644 | Ossuary  | Reached skill level 5 in Maces & Flails
  2644 | Ossuary  | Reached skill level 6 in Armour
  2779 | D:4      | Identified a scroll of acquirement
  2779 | D:4      | Acquired a manual of Armour
  3372 | D:5      | Entered Level 5 of the Dungeon
  3405 | D:5      | Noticed Grinder
  3418 | D:5      | Killed Grinder
  3438 | D:5      | Reached skill level 7 in Armour
  3502 | D:5      | Noticed a shadow
  3526 | D:5      | Killed a shadow
  3527 | D:5      | Reached XP level 9. HP: 34/56 MP: 9/9
  3722 | D:5      | Reached skill level 8 in Armour
  3886 | D:5      | Slain by a yak

Illustrated notes

Levels and vault maps discovered:
D:1:      scummos_arrival_gate, layout_basic, serial_shops, shop,
          serial_bayou_pond_b, minmay_tall_x
D:2:      layout_basic, uniq_robin, uniq_sigmund, uniq_terence
D:3:      layout_rooms
D:4:      layout_gridville, nicolae_ossuary_entry_catacombs
D:5:      layout_basic, serial_bayou, serial_bayou_crossing,
          serial_bayou_lagoon_b, serial_bayou_lake_a, serial_bayou_pond_b,
          serial_bayou_lagoon_a, serial_bayou_pond_e, uniq_edmund, uniq_grinder

Skill      XL: |  1  2  3  4  5  6  7  8  9 |
---------------+----------------------------+-----
Fighting       | 4 5 6 7 |  7.6
Armour         | 4 5 7 8 |  8.9
Maces & Flails | 3 4 5 6 |  6.6
Shields        | 4 5 6 7 |  7.6

Action                     |  1- 3 |  4- 6 |  7- 9 || total
---------------------------+-------+-------+-------++-------
  Melee: Flail             |    69 |       |       ||    69
         Whip              |    41 |   145 |   130 ||   316
         Morningstar       |       |       |   313 ||   313
  Throw: Dart              |       |     4 |     1 ||     5
    Use: Scroll            |       |       |    12 ||    12
         Potion            |       |       |     1 ||     1
 Armour: Scale mail        |    54 |    92 |   218 ||   364
         Chain mail        |    24 |    70 |       ||    94
  Dodge: Dodged            |    53 |    85 |   145 ||   283
  Block: Buckler           |    39 |    46 |    93 ||   178

Table legend: (Time is in decaauts)
 A = Elapsed time spent in this place.
 B = Non-inter-level travel time spent in this place.
 C = Inter-level travel time spent in this place.
 D = Time resting spent in this place.
 E = Time spent auto-exploring this place.
 F = Levels seen in this place.
 G = Mean time per level.
                   A        B        C        D        E       F      G
               +--------+--------+--------+--------+--------+-----+--------+
         Total |   4000 |   3875 |    125 |    358 |   1939 |   6 |  666.7 |
       Dungeon |   3690 |   3565 |    125 |    358 |   1833 |   5 |  738.0 |
       Ossuary |    309 |    309 |      0 |      0 |    106 |   1 |  309.0 |
               +--------+--------+--------+--------+--------+-----+--------+

Top non-repeatable levels by time:
     D:4: 1173 daAuts
     D:2: 703 daAuts
     D:3: 629 daAuts
     D:1: 626 daAuts
     D:5: 558 daAuts
 Ossuary: 309 daAuts
